Map: [ESL] Pride of Altaris

Players

Serral - Winner!

  • Race: Zerg Zerg

Reynor

  • Race: Zerg Zerg

Event: IEM Katowice 2022

VOD

https://youtu.be/vyNZHJbodAk

Description

Time

  • Played on: Feb. 27, 2022, 6:51 a.m.
  • Length: 10:25

All games in this series

Show
View Real Time Build Order
Export as new Build Order

Serral Zerg - Winner!

Build Orders: Hatch First 

Get SALT Encoding   

  12  0:00  Drone  
  13  0:11  Overlord  
  13  0:16  Drone  
  14  0:30  Drone x2  
  16  0:48  Hatchery  
  15  0:51  Drone  
  15  0:55  Drone  
  17  0:58  Drone  
  18  1:09  Extractor  
  17  1:13  Spawning Pool  
  17  1:16  Drone  
  17  1:19  Drone  
  18  1:27  Drone  
  19  1:38  Drone  
  20  1:48  Drone  
  21  1:59  Queen x2  
  21  2:00  Zergling x2  
  21  2:01  Overlord  
  26  2:12  Metabolic Boost  
  26  2:14  Drone x2  
  28  2:22  Drone x2  
  30  2:32  Zergling x4  
  32  2:38  Hatchery  
  31  2:45  Drone  
  31  2:46  Baneling Nest  
  31  2:50  Overlord  
  31  2:55  Zergling x2  
  31  2:56  Drone  
  33  3:04  Queen  
  35  3:09  Drone  
  35  3:12  Drone x3  
  39  3:15  Zergling x2  
  39  3:16  Zergling x2  
  39  3:18  Drone  
  42  3:20  Drone  
  42  3:23  Drone  
  44  3:30  Overlord  
  44  3:33  Baneling x2  
  44  3:35  Baneling  
  44  3:41  Evolution Chamber  
  44  3:43  Zergling x2  
  44  3:48  Zergling x2  
  44  3:49  Drone x4, Overlord  
  44  3:52  Drone  
  49  3:56  Zergling x2  
  49  3:57  Zergling x2  
  49  3:59  Overlord  
  49  4:02  Overlord  
  50  4:11  Extractor  
  50  4:12  Zerg Missile Weapons Level 1  
  50  4:14  Roach Warren  
  50  4:15  Drone  
  50  4:16  Drone  
  50  4:17  Drone  
  50  4:22  Baneling  
  50  4:23  Baneling, Overlord  
  52  4:24  Drone  
  52  4:26  Drone  
  52  4:30  Drone x2  
  52  4:31  Drone  
  55  4:41  Drone  
  55  4:45  Extractor  
  55  4:48  Overlord  
  55  4:50  Drone x2  
  55  4:51  Drone  
  57  4:54  Drone x2  
  57  4:59  Roach x5  
  68  5:00  Drone  
  68  5:01  Drone  
  68  5:06  Roach x2  
  74  5:18  Lair  
  74  5:19  Drone x5  
  79  5:26  Zergling x4  
  81  5:29  Baneling x2  
  81  5:31  Drone  
  81  5:34  Overlord x2, Extractor  
  81  5:36  Overlord  
  78  5:45  Drone x2  
  78  5:48  Drone x2  
  81  5:54  Overlord  
  81  5:55  Roach x4  
  89  6:00  Roach x3  
  89  6:03  Extractor  
  94  6:05  Overlord  
  94  6:06  Roach x6  
  105  6:17  Zerg Missile Weapons Level 2  
  105  6:22  Baneling x2  
  105  6:23  Zergling x8  
  109  6:26  Drone x2  
  109  6:27  Extractor  
  109  6:28  Glial Reconstitution  
  109  6:31  Roach x2  
  114  6:37  Roach x3  
  120  6:42  Overlord x2  
  120  6:44  Overlord  
  120  6:46  Spine Crawler  
  119  6:47  Overlord  
  114  6:55  Roach x3  
  114  6:56  Overlord x2  
  114  7:00  Roach  
  114  7:01  Roach x2  
  126  7:06  Roach  
  126  7:07  Roach x3  
  136  7:08  Ravager  
  136  7:13  Drone x2  
  136  7:14  Overlord  
  138  7:16  Roach x2  
  139  7:25  Roach x3  
  144  7:31  Roach x4  
  144  7:32  Overseer  
  144  7:36  Roach x2  
  158  7:37  Roach  
  158  7:39  Ravager x2  
  158  7:40  Ravager  
  158  7:42  Burrow  
  161  7:44  Roach  
  163  7:52  Tunneling Claws  
  163  7:55  Drone  
  163  7:56  Drone  
  165  7:59  Roach x2  
  165  8:03  Roach x2  
  173  8:06  Hatchery  
  173  8:09  Roach  
  173  8:10  Roach x2  
  179  8:13  Overlord x3  
  179  8:16  Overlord  
  179  8:17  Overseer  
  179  8:30  Hatchery  
  178  8:37  Roach  
  178  8:38  Roach x6  
  183  8:44  Roach  
  183  8:45  Roach x3  
  193  8:48  Ravager x2  
  193  9:01  Roach x5  
  192  9:10  Roach  
  192  9:11  Roach x5  
  192  9:15  Roach x2  
  180  9:23  Roach x5  
  174  9:27  Roach x6  
  174  9:28  Roach x2  
  174  9:29  Roach  
  168  9:36  Roach x3  
  174  9:41  Overseer  
  174  9:44  Ravager  
  175  9:47  Roach  
  175  9:48  Roach x2  
  179  9:56  Roach x2  
  179  9:57  Roach x3  
Show
View Real Time Build Order
Export as new Build Order

Reynor Zerg 

Build Orders: Hatch First 

Get SALT Encoding   

  12  0:00  Drone  
  13  0:12  Overlord  
  13  0:17  Drone  
  14  0:30  Drone x2  
  16  0:49  Hatchery  
  15  0:52  Drone  
  15  0:56  Drone  
  17  0:59  Drone  
  18  1:09  Extractor  
  17  1:14  Spawning Pool  
  17  1:18  Drone  
  17  1:20  Drone  
  18  1:27  Drone  
  19  1:39  Drone  
  20  1:49  Overlord  
  20  2:01  Queen, Zergling x2  
  22  2:02  Zergling x2  
  24  2:09  Queen  
  24  2:13  Drone  
  27  2:18  Metabolic Boost  
  27  2:22  Drone x2  
  29  2:24  Drone  
  30  2:32  Drone  
  30  2:34  Drone  
  32  2:42  Baneling Nest  
  31  2:44  Drone  
  31  2:45  Overlord  
  31  2:47  Queen  
  33  2:54  Drone  
  33  2:56  Drone  
  35  3:05  Hatchery, Zergling x2  
  35  3:07  Zergling x2  
  35  3:09  Zergling x2  
  37  3:15  Zergling x2  
  37  3:19  Overlord  
  38  3:20  Drone  
  38  3:21  Drone  
  38  3:22  Drone x2  
  38  3:26  Baneling  
  42  3:30  Zergling x2  
  42  3:31  Zergling x2  
  42  3:32  Baneling  
  44  3:38  Drone  
  44  3:40  Drone  
  46  3:43  Evolution Chamber  
  46  3:44  Drone  
  46  3:50  Overlord  
  46  3:53  Extractor  
  46  3:55  Baneling  
  45  3:57  Drone x5  
  45  3:58  Drone  
  45  4:01  Overlord  
  51  4:06  Overlord  
  51  4:08  Drone  
  45  4:11  Zerg Missile Weapons Level 1  
  45  4:13  Roach Warren  
  44  4:20  Baneling x3  
  44  4:21  Zergling x2  
  44  4:22  Drone x3  
  44  4:23  Queen  
  50  4:24  Drone  
  50  4:26  Drone x2  
  51  4:36  Drone, Overlord  
  51  4:37  Drone  
  51  4:38  Drone  
  54  4:49  Drone  
  54  4:50  Drone x2  
  57  4:55  Zergling x2  
  57  4:56  Drone x5  
  57  4:59  Drone  
  58  5:03  Drone  
  58  5:05  Drone x2  
  61  5:08  Drone  
  62  5:14  Overlord  
  62  5:15  Drone  
  62  5:16  Drone  
  62  5:21  Extractor  
  63  5:22  Overlord  
  63  5:23  Roach x3  
  63  5:24  Roach  
  63  5:26  Spine Crawler  
  63  5:27  Baneling x2  
  69  5:29  Roach x2  
  69  5:33  Baneling, Roach, Spine Crawler  
  69  5:34  Baneling  
  74  5:39  Roach x3  
  79  5:43  Roach x2  
  83  5:50  Roach x3  
  83  5:52  Overlord  
  83  5:54  Roach  
  92  5:58  Roach  
  92  5:59  Zergling x4  
  92  6:00  Overlord  
  96  6:06  Roach x3  
  96  6:10  Overlord  
  103  6:12  Extractor  
  103  6:13  Roach x2, Zergling x4  
  103  6:16  Queen  
  103  6:18  Overlord  
  110  6:19  Roach x2  
  110  6:21  Roach  
  116  6:26  Zergling x4  
  118  6:34  Overlord  
  118  6:35  Roach x2  
  122  6:40  Lair  
  122  6:42  Overlord  
  122  6:44  Drone x4  
  122  6:45  Drone x2  
  128  6:47  Drone, Overlord  
  128  6:49  Roach x2  
  128  6:51  Overlord  
  126  6:57  Zerg Ground Armor Level 1, Drone  
  126  6:58  Drone, Extractor  
  126  6:59  Drone  
  127  7:09  Roach x2  
  127  7:12  Roach x4  
  139  7:18  Roach x3  
  144  7:24  Roach x2  
  144  7:29  Drone  
  147  7:31  Roach  
  147  7:32  Overlord  
  147  7:35  Zergling x4  
  151  7:39  Queen  
  151  7:43  Glial Reconstitution  
  153  7:45  Queen  
  153  7:46  Roach, Zergling x6  
  153  7:47  Zergling x4  
  153  7:48  Queen, Overlord  
  153  7:50  Roach x2  
  167  7:53  Roach x2  
  171  7:59  Roach x3  
  171  8:03  Overlord  
  177  8:08  Roach x2  
  177  8:11  Overlord  
  181  8:16  Overlord  
  181  8:23  Roach x2  
  181  8:24  Overlord  
  185  8:29  Overlord  
  185  8:31  Roach x4  
  193  8:40  Roach x2  
  193  8:41  Roach x3  
  195  8:42  Roach  
  195  8:46  Roach  
  199  8:51  Overseer  
  195  9:08  Roach  
  195  9:09  Roach x9  
  196  9:15  Roach  
  158  9:18  Roach x2  
  144  9:26  Queen, Roach x3  
  144  9:28  Roach x2  
  144  9:29  Extractor  
  144  9:31  Overseer  
  131  9:32  Roach x3  
  131  9:37  Roach  
  133  9:40  Overseer  
  133  9:41  Roach  
  133  9:44  Roach  
  137  9:50  Ravager x2  
  137  9:52  Roach x2  
  143  9:55  Roach  
  143  9:58  Hatchery  
  146  10:00  Roach  
  146  10:01  Roach  

Tags
 
Add a new tag
Caveats
  • Supply blocks, unpowered buildings, or Contaminate may cause inaccurate times.
  • Supply counts are checked every 10 seconds.